 Dungeon Crawl Stone Soup version 0.29-a0-789-g7a8fcbc185 (webtiles) character file.

Game seed: 6267632479416310322

76 happo123 the Shooter (level 4, 0/38 HPs)
             Began as a Minotaur Hunter on July 2, 2022.
             Slain by Pikel
             ... wielding a +2 whip of flaming
              (1 damage)
             ... on level 4 of the Dungeon.
             The game lasted 00:13:38 (2157 turns).

happo123 the Shooter (Minotaur Hunter)              Turns: 2157, Time: 00:13:38

Health: 0/38       AC: 16    Str: 17    XL:     4   Next: 12%
Magic:  3/3        EV:  5    Int: 17    God:
Gold:   190        SH:  0    Dex: 16    Spells: 3/3 levels left

rFire   x . .      SeeInvis .   y - +8 sling of Floods {venom, Int+3}
rCold   . . .      Faith    .   (no shield)
rNeg    . . .      Spirit   .   x - +4 plate armour "Ixkit" {rC- Str+2 Int+8}
rPois   .          Reflect  .   (helmet restricted)
rElec   .          Harm     .   p - +0 cloak
rCorr   .          Rampage  .   (no gloves)
Will    .....                   w - +0 pair of boots
Stlth   ..........              s - amulet of magic regeneration
HPRegen 0.12/turn               q - ring of ice
MPRegen 0.48/turn               (no ring)

@: no status effects
A: horns 2, retaliatory headbutt
a: no special abilities


You were on level 4 of the Dungeon.
You visited 1 branch of the dungeon, and saw 4 of its levels.

You collected 190 gold pieces.

Inventory:

Hand Weapons
 a - a +0 shortbow of flaming
 o - a +0 hand axe
 y - the +8 sling of Floods (weapon) {venom, Int+3}
   (You found it on level 4 of the Dungeon)

   Any ammunition fired from it poisons the flesh of those it strikes.
   Int:       It affects your intelligence (+3).
Armour
 c - a +0 leather armour
 i - a +0 scale mail
 p - a +0 cloak (worn)
 w - a +0 pair of boots (worn)
 x - the +4 plate armour "Ixkit" (worn) {rC- Str+2 Int+8}
   (You found it on level 3 of the Dungeon)

   Str:       It affects your strength (+2).
   Int:       It affects your intelligence (+8).
   rC:        It makes you vulnerable to cold.
Magical Staves
 g - a staff of cold
Jewellery
 q - a ring of ice (left hand)
 s - an amulet of magic regeneration (around neck)
Wands
 d - a wand of digging (4)
 v - a wand of polymorph (11)
Scrolls
 b - a scroll of immolation
 e - a scroll of blinking {unknown}
 f - a scroll of brand weapon
 k - 2 scrolls of teleportation
 n - a scroll of silence
 t - a scroll of enchant armour
Potions
 h - 3 potions of curing
 j - a potion of degeneration {unknown}
 l - 3 potions of brilliance
 m - a potion of magic
 r - a potion of mutation {unknown}
 u - a potion of heal wounds {unknown}
 z - 2 potions of attraction {unknown}
 A - a potion of haste {unknown}


   Skills:
 * Level 3.5 Fighting
 + Level 0.4 Axes
 * Level 5.0 Ranged Weapons
 + Level 1.4 Armour
 + Level 2.6 Dodging
 + Level 1.3 Stealth


You had 3 spell levels left.
You didn't know any spells.
Your spell library was empty.

Dungeon Overview and Level Annotations

Branches:
Dungeon (4/15)
 Temple: D:4-7

Altars:
Xom

Annotations:
D:4 Pikel


Innate Abilities, Weirdness & Mutations

You have a pair of horns on your head.
You reflexively headbutt those who attack you in melee.


Message History

Fire: y) +8 sling of Floods {venom, Int+3}
Press: ? - help, Q - select action, (/) - cycle Shift-Dir - straight line, f/p - Pikel
Aim: Pikel, wielding a +2 whip of flaming and wearing a +0 robe (lightly wounded, unusually resistant)
You shoot a sling bullet. The sling bullet hits Pikel.
Pikel is poisoned.
Pikel is moderately wounded.
Pikel hits you with a +2 whip of flaming.
Pikel burns you.
Fire: y) +8 sling of Floods {venom, Int+3}
Press: ? - help, Q - select action, (/) - cycle Shift-Dir - straight line, f/p - Pikel
Aim: Pikel, wielding a +2 whip of flaming and wearing a +0 robe (moderately wounded, unusually resistant, very poisoned)
You shoot a sling bullet.
The sling bullet hits Pikel but does no damage.
Pikel is moderately wounded.
Pikel completely misses you.
Pikel hits you with a +2 whip of flaming.
Pikel burns you.
Unknown command.
Fire: y) +8 sling of Floods {venom, Int+3}
Press: ? - help, Q - select action, (/) - cycle Shift-Dir - straight line, f/p - Pikel
Aim: Pikel, wielding a +2 whip of flaming and wearing a +0 robe (moderately wounded, unusually resistant, very poisoned)
You shoot a sling bullet.
The sling bullet hits Pikel but does no damage.
Pikel is moderately wounded.
Pikel hits you with a +2 whip of flaming!
Pikel burns you.
* * * LOW HITPOINT WARNING * * *
Pikel hits you but does no damage.
Unknown command.
Okay, then.
It was a potion of magic.
Magic courses through your body. Pikel hits you but does no damage.
Fire: y) +8 sling of Floods {venom, Int+3}
Press: ? - help, Q - select action, (/) - cycle Shift-Dir - straight line, f/p - Pikel
Aim: Pikel, wielding a +2 whip of flaming and wearing a +0 robe (heavily wounded, unusually resistant, very poisoned)
You shoot a sling bullet. The sling bullet hits Pikel!
Pikel is severely wounded.
Pikel hits you with a +2 whip of flaming.
* * * LOW HITPOINT WARNING * * *
Pikel burns you.
You die...

#.# #.######
#......#######
#....#........
#.##.#########
..##.#############
####.............#
################.#
...#.....# #@#
##>#.....#######K#
##.#...........55#
##.#.....######.g#
...<....... #...
###.##.#### #.[..
# #.# ##.#.) # #.#
#.#... # #.#
#......


You could see Pikel (resistant, very poisoned), 2 lemures and a goblin.

Vanquished Creatures
  2 lemures (D:4)
  3 adders
  A worm (D:2)
  9 ball pythons
  6 endoplasms
  A giant cockroach (D:1)
  2 goblins
  6 hobgoblins
  2 jackals (D:1)
  2 kobolds
  2 quokkas
  5 bats
  4 frilled lizards
  A rat (D:3)
46 creatures vanquished.

Vanquished Creatures (others)
  5 fungi (D:4)
  9 plants (D:4)
14 creatures vanquished.

Grand Total: 60 creatures vanquished

Notes
Turn   | Place    | Note
-------+----------+-------------------------------------------
     0 | D:1      | happo123 the Minotaur Hunter began the quest for the Orb.
     0 | D:1      | Reached XP level 1. HP: 18/18 MP: 0/0
   263 | D:1      | Reached skill level 1 in Stealth
   263 | D:1      | Reached XP level 2. HP: 25/25 MP: 1/1
   858 | D:2      | Reached XP level 3. HP: 21/31 MP: 2/2
   869 | D:2      | Reached skill level 1 in Armour
   917 | D:2      | Found a faded altar of an unknown god.
  1549 | D:3      | Found a faded altar of an unknown god.
  1553 | D:3      | Found a shimmering altar of Xom.
  1651 | D:3      | Identified the +4 plate armour "Ixkit" {rC- Str+2 Int+8}
  1715 | D:3      | Reached XP level 4. HP: 38/38 MP: 3/3
  2131 | D:4      | Identified the +8 sling of Floods {venom, Int+3}
  2139 | D:4      | Reached skill level 5 in Ranged Weapons
  2143 | D:4      | Noticed a lemure
  2143 | D:4      | Noticed a lemure
  2143 | D:4      | Noticed a lemure
  2144 | D:4      | Noticed Pikel
  2145 | D:4      | Noticed a lemure
  2150 | D:4      | Killed a lemure
  2152 | D:4      | Killed a lemure
  2157 | D:4      | HP: 1/38 [Pikel/+2 whip of flaming (5)]
  2157 | D:4      | Slain by Pikel

Illustrated notes

Levels and vault maps discovered:
D:1:      elethiomel_arrival_quiet, layout_loops_corners,
          corexii_item_surrounded_by_moat
D:2:      layout_loops_ring, ebering_ecumenical_altar_mist, minmay_hexomino_u4
D:3:      layout_basic, nicolae_overflow_ecumenical_swirl, minivault_5,
          mrwooster_statue_mirror
D:4:      layout_loops_ring, fedhas_altar_3,
          chequers_temple_overflow_minitemple, uniq_pikel

Skill      XL: |  1  2  3  4 |
---------------+-------------+-----
Stealth        | 1 |  1.3
Fighting       | 3 |  3.5
Armour         | 1 |  1.4
Ranged Weapons | 5 |  5.0
Axes           | |  0.4
Dodging        | |  2.6

Action                   |  1- 3 |  4- 6 || total
-------------------------+-------+-------++-------
Melee: Hand axe          |     2 |       ||     2
       Headbutt          |     1 |       ||     1
 Fire: Shortbow          |    95 |    13 ||   108
       Sling             |       |    13 ||    13
  Use: Scroll            |       |     7 ||     7
       Potion            |       |     1 ||     1
Armor: Scale mail        |    14 |       ||    14
       Leather armour    |     3 |       ||     3
       Plate armour      |     1 |     9 ||    10
Dodge: Dodged            |    28 |     3 ||    31

Table legend: (Time is in decaauts)
 A = Elapsed time spent in this place.
 B = Non-inter-level travel time spent in this place.
 C = Inter-level travel time spent in this place.
 D = Time resting spent in this place.
 E = Time spent auto-exploring this place.
 F = Levels seen in this place.
 G = Mean time per level.
                   A        B        C        D        E       F      G
               +--------+--------+--------+--------+--------+-----+--------+
         Total |   2218 |   1827 |    391 |      0 |   1466 |   4 |  554.5 |
       Dungeon |   2218 |   1827 |    391 |      0 |   1466 |   4 |  554.5 |
               +--------+--------+--------+--------+--------+-----+--------+

Top non-repeatable levels by time:
     D:1: 823 daAuts
     D:2: 682 daAuts
     D:3: 597 daAuts
     D:4: 114 daAuts
